Construct Infanterie Kompanie
Selects Mechanized Battlegroup
Infanterie Officer Quarters
Construct Luftwaffe Kompanie
Flak 30 Anti-aircraft Gun Team
Luftwaffe Officer Quarters
Selects Wespe Self-propelled Artillery
Wespe Self-propelled Artillery
Selects Zeroing Artillery Barrage
Marder III M Tank Destroyer
Construct Panzer Kompanie
Selects 8 Rad Armored Car
Selects UNKNOWN (2160084)
Wespe Self-propelled Artillery
Wespe Self-propelled Artillery